 Dungeon Crawl Stone Soup version 0.30-a0-374-g95c0257040 (webtiles) character file.

Game seed: 887160218977549687

17026 flotson the Cleaver (level 12, -8/98 HPs)
             Began as a Demonspawn Delver on Nov 25, 2022.
             Was an Initiate of Gozag.
             Succumbed to a wolf spider's poison
             ... on level 1 of the Lair of Beasts.
             The game lasted 00:25:28 (13054 turns).

flotson the Cleaver (Demonspawn Delver)            Turns: 13054, Time: 00:25:28

Health: -8/98      AC: 15    Str: 17    XL:     12   Next: 15%
Magic:  12/12      EV: 13    Int: 13    God:    Gozag
Gold:   879        SH: 11    Dex: 14    Spells: 11/11 levels left

rFire   . . .      SeeInvis +    a - +7 war axe
rCold   + . .      Faith    .    U - +0 kite shield "Esaklagei" {rC+ rN++}
rNeg    + + +      Spirit   .    i - +0 steam dragon scales
rPois   .          Reflect  .    J - +0 helmet
rElec   .          Harm     .    (no cloak)
rCorr   .          Rampage  .    I - +0 pair of gloves
Will    .....                    (boots unavailable)
Stlth   +++.......               (no amulet)
HPRegen 0.36/turn                k - ring of positive energy
MPRegen 0.13/turn                o - ring of see invisible

@: lethally poisoned (-8 -> -95), about to teleport, studying 2 skills,
invisible
A: hooves 3, rugged brown scales 2, icemail 1, condensation shield, bedeviling
a: Renounce Religion, Potion Petition, Call Merchant, Bribe Branch


You were on level 1 of the Lair of Beasts.
You worshipped Gozag.
Gozag was pleased with you.
You visited 3 branches of the dungeon, and saw 12 of its levels.
You also visited: Gauntlet.

You collected 1090 gold pieces.
You paid 211 gold pieces to Gozag.

Inventory:

Hand Weapons
 a - a +7 war axe (weapon)
 Q - the +4 spear of Slow Death {venom, rF++ Str+4}
   (You found it on level 2 of the Dungeon)

   It poisons the flesh of those it strikes.
   Str:       It affects your strength (+4).
   rF:        It greatly protects you from fire.
Missiles
 s - 6 curare-tipped darts (quivered)
 t - 17 javelins
 w - 2 throwing nets
 H - 27 boomerangs
 L - 16 poisoned darts
Armour
 i - +0 steam dragon scales (worn)
 E - a +2 plate armour of fire resistance
 I - a +0 pair of gloves (worn)
 J - a +0 helmet (worn)
 U - the +0 kite shield "Esaklagei" (worn) {rC+ rN++}
   (You found it in a Gauntlet)

   rC:        It protects you from cold.
   rN:        It greatly protects you from negative energy.
Jewellery
 k - a ring of positive energy (left hand)
 o - a ring of see invisible (right hand)
 q - an amulet of faith
 D - a ring of ice
Wands
 g - a wand of digging (8)
 x - a wand of charming (12)
 C - a wand of flame (34)
 M - a wand of light (4)
 N - a wand of polymorph (2)
 S - a wand of iceblast (9)
Scrolls
 b - a scroll of acquirement {unknown}
 c - 3 scrolls of fog
 d - 11 scrolls of identify {unknown}
 h - 5 scrolls of teleportation
 m - 4 scrolls of vulnerability {unknown}
 n - a scroll of blinking {unknown}
 u - a scroll of enchant armour {unknown}
 y - 3 scrolls of amnesia {unknown}
 z - a scroll of noise {unknown}
 G - 3 scrolls of immolation {unknown}
 K - 4 scrolls of poison {unknown}
 O - 4 scrolls of summoning {unknown}
 P - 3 scrolls of enchant weapon {unknown}
Potions
 e - 2 potions of berserk rage {unknown}
 f - a potion of haste
 j - a potion of cancellation {unknown}
 p - 3 potions of brilliance {unknown}
 r - a potion of invisibility
 v - 4 potions of curing {unknown}
 A - 2 potions of attraction {unknown}
 B - a potion of ambrosia {unknown}
 F - 3 potions of degeneration {unknown}
 R - a potion of magic {unknown}
Miscellaneous
 T - a tin of tremorstones (2/2)


   Skills:
 + Level 8.9 Fighting
 + Level 9.0(9.4) Axes
 - Level 3.9(7.0) Polearms
 + Level 7.3 Throwing
 + Level 7.6 Armour
 + Level 8.0 Dodging
 - Level 4.5 Stealth
 + Level 0.0 Shields
 + Level 8.2 Evocations


You had 11 spell levels left.
You didn't know any spells.
Your spell library contained the following spells:

 Spells                   Type           Power      Damage    Failure   Level
 Apportation              Tloc           0%         N/A       75%         1
 Kiss of Death            Conj/Necr      0%         2d5       75%         1
 Necrotise                Necr           0%         1d4       75%         1
 Summon Small Mammal      Summ           0%         N/A       75%         1
 Confusing Touch          Hex            0%         N/A       98%         3
 Inner Flame              Hex/Fire       0%         N/A       98%         3
 Portal Projectile        Hex/Tloc       0%         N/A       98%         3
 Dispel Undead            Necr           0%         3d6       100%        4
 Manifold Assault         Tloc           0%         N/A       100%        4
 Passage of Golubria      Tloc           0%         N/A       100%        4
 Petrify                  Tmut/Erth      0%         N/A       100%        4
 Alistair's Intoxication  Tmut/Pois      0%         N/A       100%        5
 Blade Hands              Tmut           0%         N/A       100%        5
 Silence                  Hex/Air        0%         N/A       100%        5
 Yara's Violent Unravell  Hex/Tmut       0%         3d3       100%        5
 Dispersal                Tloc           0%         N/A       100%        6
 Disjunction              Tloc           0%         N/A       100%        8
 Lehudib's Crystal Spear  Conj/Erth      0%         10d2      100%        8


Dungeon Overview and Level Annotations

Branches:
Dungeon (10/15)            Temple (1/1) D:5            Lair (1/5) D:8
Gauntlet (visited)
    Orc: D:9-12

Altars:
Ashenzari
Cheibriados
Dithmenos
Fedhas
Gozag
Hepliaklqana
Kikubaaqudgha
Makhleb
Nemelex Xobeh
Okawaru
Qazlal
Ru
Sif Muna
Trog
Uskayaw
Vehumet
Wu Jian
Xom
Yredelemnul


Innate Abilities, Weirdness & Mutations

You have hooves in place of feet.
You are mostly covered in rugged brown scales. (AC +2, +5% HP)
A meltable icy envelope protects you from harm. (AC +4)
A meltable shield of frost defends you. (SH +4)
Your hexes are more powerful.


Message History

The wolf spider hits you!
The wolf spider bites you but does no damage.
The wolf spider barely misses you. x2
You barely miss the wolf spider.
The wolf howls!
The cane toad gives a loud, deep croak!
You hit the wolf spider. You block the wolf spider's attack. x3
The wolf spider bites you.
You are poisoned.
The wolf spider poisons you!
The wolf spider hits you but does no damage.
You block the wolf spider's attack.
The wolf howls!
You slice the wolf spider!! You kick the wolf spider!
The wolf spider is heavily wounded.
You hit the wolf. You slash the wolf spider!
You feel extremely sick. You block the wolf spider's attack.
The wolf spider completely misses you. The wolf closely misses you.
The wolf spider hits you but does no damage.
You block the wolf spider's attack. The wolf spider hits you!
You block the wolf spider's attack. The wolf bites you.
The wolf spider hits you. The wolf spider barely misses you.
Unknown command.
As you read the scroll of teleportation, it crumbles to dust.
You feel strangely unstable.
You feel very sick. The wolf spider completely misses you.
The wolf spider bites you!
You are lethally poisoned!
The wolf spider poisons you! The wolf bites you!
* * * LOW HITPOINT WARNING * * *
The wolf bites you but does no damage. The wolf spider misses you.
The wolf spider bites you.
* * * LOW HITPOINT WARNING * * *
You are more poisoned.
The wolf spider poisons you! The wolf spider hits you!
* * * LOW HITPOINT WARNING * * *
You block the wolf spider's attack. The wolf bites you but does no damage.
You fade into invisibility!
You die...
Your body crumbles into a pile of gold.

### #...# ###
.....h###.#####
.....hs@h.....##
.....hsSh......#
.....Fh........#
......##.#####.#
....## ###.....#
###. #.###..# #
# #.....## >
#.#...# .
#....(#


You could see 2 wolf spiders, a cane toad (unable to see you), a water moccasin
(unable to see you) and 6 wolves.

Vanquished Creatures
  Gastronok (D:9)
  A hell beast (Gauntlet)
  5 two-headed ogres
  3 death yaks
  Urug (D:10)
  Sonja (Lair:1)
  A molten gargoyle (Gauntlet)
  Joseph (D:8)
  2 gargoyles
  A cane toad (Lair:1)
  A komodo dragon (D:10)
  3 kobold demonologists (D:10)
  A troll (D:9)
  A shadow (D:9)
  A wyvern (D:9)
  6 yaks (D:10)
  3 wraiths
  3 steam dragons
  An acid dragon (D:10)
  A water moccasin (D:7)
  7 orc warriors
  A sky beast (D:7)
  A black bear (D:5)
  An ogre (D:6)
  9 centaurs
  A phantom (D:4)
  2 kobold brigands
  A necrophage (D:7)
  10 bullfrogs
  A gnoll sergeant (D:8)
  3 scorpions
  3 killer bees (D:9)
  2 quasits (D:4)
  3 jellies
  2 gnoll boudas
  9 orc priests
  7 hounds
  3 iguanas (D:5)
  6 orc wizards
  4 hell rats (D:8)
  22 gnolls
  8 adders
  2 shadow imps
  2 white imps
  An ufetubus (D:5)
  2 worms
  3 dart slugs
  40 orcs
  3 endoplasms
  2 giant cockroaches
  9 goblins
  7 hobgoblins
  9 jackals
  14 kobolds
  4 quokkas
  13 ball pythons
  5 bats
  A frilled lizard (D:1)
  5 rats
266 creatures vanquished.

Vanquished Creatures (collateral kills)
  A minotaur (Gauntlet)
1 creature vanquished.

Vanquished Creatures (others)
  An orc (D:9)
  A fungus (Lair:1)
  3 plants (D:5)
5 creatures vanquished.

Grand Total: 272 creatures vanquished

Notes
Turn   | Place    | Note
-------+----------+-------------------------------------------
     0 | D:5      | flotson the Demonspawn Delver began the quest for the Orb.
     0 | D:5      | Reached XP level 1. HP: 18/18 MP: 1/1
    16 | D:5      | Noticed a scorpion
    34 | D:5      | Noticed an iguana
    75 | D:5      | Noticed an orc priest
    81 | D:5      | Noticed an iguana
   105 | D:4      | Noticed a quasit
   420 | D:2      | Identified the +0 robe "Plog" {Fly rF+ rN+}
   422 | D:2      | Gained mutation: You are partially covered in rugged brown
                  | scales. (AC +1, +3% HP) [demonic ancestry]
   422 | D:2      | Reached XP level 2. HP: 16/24 MP: 2/2
   590 | D:1      | Reached skill level 1 in Evocations
   595 | D:1      | Reached skill level 1 in Armour
   698 | D:1      | Gained mutation: You have large cloven feet. [demonic
                  | ancestry]
   698 | D:1      | Reached XP level 3. HP: 26/29 MP: 3/3
  1636 | D:2      | Reached XP level 4. HP: 36/36 MP: 4/4
  1779 | D:2      | Identified the +4 spear of Slow Death {venom, rF++ Str+4}
  2240 | D:3      | Gained mutation: You have hoof-like feet. [demonic
                  | ancestry]
  2240 | D:3      | Reached XP level 5. HP: 12/43 MP: 5/5
  3052 | D:4      | Noticed a phantom
  3061 | D:4      | Killed a phantom
  3062 | D:4      | Reached skill level 1 in Throwing
  3403 | D:4      | Gained mutation: You are mostly covered in rugged brown
                  | scales. (AC +2, +5% HP) [demonic ancestry]
  3403 | D:4      | Reached XP level 6. HP: 42/50 MP: 6/6
  3846 | D:5      | Found a staircase to the Ecumenical Temple.
  3855 | Temple   | Entered the Ecumenical Temple
  4036 | D:5      | Gained mutation: You have hooves in place of feet. [demonic
                  | ancestry]
  4036 | D:5      | Reached XP level 7. HP: 37/57 MP: 7/7
  4662 | D:5      | Reached XP level 8. HP: 48/64 MP: 8/8
  4786 | D:6      | Reached skill level 5 in Fighting
  5299 | D:6      | Reached skill level 1 in Axes
  5587 | D:6      | Found a shimmering altar of Xom.
  5604 | D:6      | Reached skill level 2 in Axes
  5822 | D:7      | Gained mutation: A meltable shield of frost defends you.
                  | (SH +4) [demonic ancestry]
  5822 | D:7      | Reached XP level 9. HP: 26/72 MP: 9/9
  6141 | D:7      | Reached skill level 5 in Dodging
  6151 | D:7      | Noticed a gargoyle
  6168 | D:7      | Killed a gargoyle
  6169 | D:7      | Reached skill level 3 in Axes
  6169 | D:7      | Reached skill level 5 in Evocations
  6789 | D:7      | Found a radiant altar of Vehumet.
  6796 | D:7      | Reached skill level 5 in Armour
  6817 | D:8      | Reached skill level 4 in Axes
  6818 | D:8      | Noticed a two-headed ogre
  7354 | D:8      | Noticed a death yak
  7546 | D:8      | Killed a two-headed ogre
  7547 | D:8      | Reached skill level 5 in Axes
  7547 | D:8      | Reached skill level 5 in Throwing
  7547 | D:8      | Gained mutation: A meltable icy envelope protects you from
                  | harm. (AC +4) [demonic ancestry]
  7547 | D:8      | Reached XP level 10. HP: 63/80 MP: 10/10
  7561 | D:8      | Noticed Joseph
  7612 | D:8      | Killed Joseph
  7691 | D:7      | Killed a death yak
  8115 | D:8      | Noticed a death yak
  8115 | D:8      | Noticed a death yak
  8150 | D:8      | Killed a death yak
  8151 | D:8      | Reached skill level 6 in Axes
  8168 | D:8      | Killed a death yak
  8350 | D:8      | Found a staircase to the Lair.
  9104 | D:9      | Reached XP level 11. HP: 78/89 MP: 11/11
  9293 | D:9      | Noticed Gastronok
  9308 | D:9      | Killed Gastronok
  9309 | D:9      | Reached skill level 7 in Axes
  9443 | D:9      | Found an opulent altar of Gozag.
  9445 | D:9      | Found a hazy altar of Hepliaklqana.
  9453 | D:9      | Found a shadowy altar of Dithmenos.
  9455 | D:9      | Became a worshipper of Gozag Ym Sagoz the Greedy
  9472 | D:9      | Found a broken altar of Ashenzari.
  9477 | D:9      | Found a basalt altar of Yredelemnul.
  9748 | D:10     | Entered Level 10 of the Dungeon
 10031 | D:10     | Noticed a two-headed ogre
 10046 | D:10     | Killed a two-headed ogre
 10327 | D:10     | Noticed Urug
 10340 | D:10     | Killed Urug
 10341 | D:10     | Reached skill level 8 in Axes
 10554 | D:10     | Noticed a two-headed ogre
 10562 | D:10     | Killed a two-headed ogre
 10574 | D:10     | Noticed a two-headed ogre
 10580 | D:10     | Killed a two-headed ogre
 10808 | D:10     | Noticed a two-headed ogre
 10814 | D:10     | Killed a two-headed ogre
 11497 | D:10     | Found a blossoming altar of Fedhas.
 11760 | Lair:1   | Entered Level 1 of the Lair of Beasts
 11781 | Lair:1   | Noticed Sonja
 11795 | Lair:1   | Killed Sonja
 11862 | Lair:1   | Gained mutation: Your hexes are more powerful. [demonic
                  | ancestry]
 11862 | Lair:1   | Reached XP level 12. HP: 72/98 MP: 12/12
 11868 | Lair:1   | Found a gate leading to a gauntlet.
 11873 | Gauntlet | Entered a Gauntlet
 11873 | Gauntlet | Noticed a catoblepas
 11873 | Gauntlet | Found a transporter.
 11873 | Gauntlet | Found a transporter.
 11873 | Gauntlet | Found a transporter.
 11955 | Gauntlet | Found a transporter.
 11955 | Gauntlet | Found a transporter.
 11961 | Gauntlet | Noticed a hell beast
 11967 | Gauntlet | Found a transporter.
 12031 | Gauntlet | Found a transporter.
 12041 | Gauntlet | Found a transporter.
 12056 | Gauntlet | Found a transporter.
 12066 | Gauntlet | Found a transporter.
 12081 | Gauntlet | Found a transporter.
 12087 | Gauntlet | Found a transporter.
 12186 | Gauntlet | Identified the +0 pair of boots "Zolaenn" {-Tele Str+2
                  | Int+3 Dex+6}
 12553 | Gauntlet | Identified the +4 shortbow "Olosag" {vorpal, rElec Int+4}
 12553 | Gauntlet | Identified the +8 rapier of the Bespelling Gods {pain, rC+}
 12553 | Gauntlet | Noticed a minotaur
 12563 | Gauntlet | Killed a minotaur
 12592 | Gauntlet | HP: 3/98 [hell beast (9)]
 12595 | Gauntlet | Killed a hell beast
 12596 | Gauntlet | Reached skill level 9 in Axes
 12880 | Gauntlet | Got the Almanac of Spellbinding
 12886 | Gauntlet | Got Sif Muna's Quarto of the Figure
 12898 | Gauntlet | Identified the +0 kite shield "Esaklagei" {rC+ rN++}
 13054 | Lair:1   | Succumbed to a wolf spider's poison

Illustrated notes

Levels and vault maps discovered:
D:1:      arrival_zaba_pyramid, layout_loops_corners
D:2:      layout_rooms
D:3:      layout_loops_corners
D:4:      cheibrodos_quashed, layout_basic
D:5:      layout_gridville, minmay_temple_entry_ruins, serial_bayou_pond_b,
          minmay_pentangle
D:6:      layout_loops_ring, mainiacjoe_overflow_small_starburst,
          minmay_manual_mares
D:7:      layout_basic, fiery_altar_vehumet, minmay_between
D:8:      layout_rooms, dpeg_lair_monsters, uniq_joseph
D:9:      layout_roguey [special_room_orc], minitemple, grunt_ministairs_5,
          nicolae_fountain_basement, uniq_gastronok
D:10:     layout_stronghold, mainiacjoe_overflow_alcove_1, uniq_urug
Temple:   compressed_dpeg_circular_temple
Lair:1:   layout_roguey, gauntlet_entry_generic,
          nicolae_lair_run_with_the_wolves, uniq_sonja

Skill      XL: |  1  2  3  4  5  6  7  8  9 10 11 12 |
---------------+-------------------------------------+-----
Dodging        | 2 3 4 5 6 7 8 |  8.0
Evocations     | 1 2 3 4 5 6 8 |  8.2
Armour         | 1 2 3 4 5 6 7 |  7.6
Polearms       | 2 3 |  3.9
Throwing       | 1 2 3 5 6 7 |  7.3
Fighting       | 4 5 6 7 8 |  8.9
Axes           | 2 5 6 8 9 |  9.0
Stealth        | |  4.5

Action                   |  1- 3 |  4- 6 |  7- 9 | 10-12 || total
-------------------------+-------+-------+-------+-------++-------
Melee: War axe           |     5 |       |       |    58 ||    63
       Hand axe          |    76 |    16 |       |       ||    92
       Kick              |     3 |    20 |    93 |   145 ||   261
       Spear             |       |   103 |   361 |   335 ||   799
       Punch             |       |     1 |     6 |     7 ||    14
Throw: Boomerang         |       |       |     4 |    11 ||    15
       Dart              |       |       |     3 |    15 ||    18
       Javelin           |       |       |       |    10 ||    10
       Throwing net      |       |       |       |     2 ||     2
Evoke: Wand              |       |     1 |       |    10 ||    11
  Use: Scroll            |     2 |       |       |     3 ||     5
       Potion            |     1 |       |     1 |     4 ||     6
 Stab: Sleeping          |     8 |     2 |     2 |     5 ||    17
       Distracted        |       |     2 |       |     1 ||     3
Armor: Leather armour    |    10 |       |       |       ||    10
       Ring mail         |    15 |    37 |    71 |       ||   123
       Steam dragon scal |       |       |    25 |   112 ||   137
Dodge: Dodged            |    59 |    64 |   216 |   192 ||   531
Block: Other             |       |       |    27 |    52 ||    79
       Kite shield       |       |       |       |     8 ||     8

Table legend: (Time is in decaauts)
 A = Elapsed time spent in this place.
 B = Non-inter-level travel time spent in this place.
 C = Inter-level travel time spent in this place.
 D = Time resting spent in this place.
 E = Time spent auto-exploring this place.
 F = Levels seen in this place.
 G = Mean time per level.
                   A        B        C        D        E       F      G
               +--------+--------+--------+--------+--------+-----+--------+
         Total |  12987 |  12474 |    513 |   1177 |   8854 |  13 |  999.0 |
       Dungeon |  11613 |  11100 |    513 |    868 |   8117 |  10 | 1161.3 |
        Temple |    100 |    100 |      0 |      0 |     56 |   1 |  100.0 |
          Lair |    259 |    259 |      0 |      0 |    160 |   1 |  259.0 |
      Gauntlet |   1014 |   1014 |      0 |    309 |    521 |   1 | 1014.0 |
               +--------+--------+--------+--------+--------+-----+--------+

Top non-repeatable levels by time:
     D:7: 1990 daAuts
    D:10: 1965 daAuts
     D:5: 1270 daAuts
     D:1: 1253 daAuts
     D:9: 1034 daAuts
Gauntlet: 1014 daAuts
     D:8: 941 daAuts
     D:4: 937 daAuts
     D:3: 924 daAuts
     D:6: 856 daAuts
     D:2: 437 daAuts
  Lair:1: 259 daAuts
  Temple: 100 daAuts
